 Dungeon Crawl Stone Soup version 0.31.0-11-ge490571c62 (webtiles) character file.

Game seed: 13221309298923739646

7755 protoss039 the Trooper (level 11, -5/84 HPs)
             Began as a Demonspawn Earth Elementalist on Jan 31, 2024.
             Was an Elder of Vehumet.
             Slain by a boulder beetle (15 damage)
             ... on level 9 of the Dungeon on Feb 1, 2024.
             The game lasted 00:54:59 (11363 turns).

protoss039 the Trooper (DsEE)                      Turns: 11363, Time: 00:55:00

Health: -5/84      AC: 10    Str: 17    XL:     11   Next: 0%
Magic:  5/17       EV: 11    Int: 17    God:    Vehumet [****..]
Gold:   595        SH: 15    Dex: 17    Spells: 11/21 levels left

rFire   . . .        E - +9 short sword of Jagg {freeze, rPois Dex+2}
rCold   . . .        l - +5 kite shield "Rowk" {rPois rN++ Dex+3 SInv}
rNeg    + + +        z - +0 acid dragon scales
rPois   +            (no helmet)
rElec   .            i - +0 cloak
rCorr   +            (no gloves)
SInv    +            (no boots)
Will    .....        (no amulet)
Stlth   ++           k - ring of positive energy
HPRegen 0.34/turn    (no ring)
MPRegen 0.15/turn

%: no passive effects
@: no status effects
A: hooves 2, thin metallic scales 1, ignite blood 1, powered by death 2, low MP
1, strong 2
a: Renounce Religion


You were on level 9 of the Dungeon.
You worshipped Vehumet.
Vehumet was greatly pleased with you.
You visited 2 branches of the dungeon, and saw 10 of its levels.
You also visited: Sewer.

You collected 645 gold pieces.
You spent 50 gold pieces at shops.

Inventory:

Hand Weapons
 E - the +9 short sword of Jagg (weapon) {freeze, rPois Dex+2}
   (You took it off an orc wizard on level 9 of the Dungeon)

   Dex+2:     It affects your dexterity (+2).
   rPois:     It protects you from poison
Missiles
 h - 33 poisoned darts
 r - 3 throwing nets
Armour
 i - a +0 cloak (worn)
 l - the +5 kite shield "Rowk" (worn) {rPois rN++ Dex+3 SInv}
   (You acquired it on level 5 of the Dungeon)

   Dex+3:     It affects your dexterity (+3).
   rPois:     It protects you from poison rN++: It greatly protects you from
   negative energy.
   SInv:      It lets you see invisible.
 z - +0 acid dragon scales (worn)
Magical Staves
 y - the staff of Ebucach {rPois rC++ Fire Alchemy}
   (You found it in a sewer)

   [staff of alchemy]

   Base accuracy: +5 Base damage: 5 Base attack delay: 1.2 This weapon's minimum
   attack delay (0.6) is reached at skill level 12.
   rC++:      It greatly protects you from cold.
   rPois:     It protects you from poison Fire: It increases the power of your
   Fire spells.
   Alchemy:   It increases the power of your Alchemy spells.
   It falls into the 'Staves' category.
   It is a one-handed weapon.
Jewellery
 k - a ring of positive energy (left hand)
Wands
 q - a wand of light (3)
 u - a wand of iceblast (14)
 w - a wand of digging (6)
 C - a wand of flame (9)
 D - a wand of mindburst (3)
Scrolls
 d - 5 scrolls of blinking
 e - 4 scrolls of enchant weapon
 f - a scroll of identify
 g - a scroll of revelation {unknown}
 m - a scroll of enchant armour
 o - 2 scrolls of fog
 s - 2 scrolls of immolation
 t - 2 scrolls of teleportation
 x - 3 scrolls of fear
Potions
 a - a potion of heal wounds {unknown}
 b - a potion of magic
 j - 2 potions of curing
 n - a potion of berserk rage {unknown}
 p - a potion of brilliance {unknown}
 v - 2 potions of ambrosia
 A - 2 potions of mutation
 B - a potion of invisibility {unknown}


   Skills:
 * Level 7.1 Fighting
 + Level 5.8 Armour
 - Level 3.0 Dodging
 - Level 3.0 Stealth
 * Level 6.1 Shields
 + Level 5.9 Spellcasting
 + Level 5.2 Conjurations
 - Level 3.0 Air Magic
 - Level 6.0 Earth Magic
 + Level 4.8 Evocations


You had 11 spell levels left.
You knew the following spells:

 Your Spells              Type           Power      Damage    Failure   Level
a - Sandblast             Erth           50%        2d12      1%          1
b - Passwall              Erth           25%        N/A       11%         3
c - Stone Arrow           Conj/Erth      48%        3d10      3%          3
g - Mephitic Cloud        Conj/Alch/Air  14%        N/A       11%         3

Your spell library contained the following spells:

 Spells                   Type           Power      Damage    Failure   Level
 Hailstorm                Conj/Ice       13%        3d6       11%         3
 Mercury Vapours          Alch/Air       20%        N/A       10%         2
 Brom's Barrelling Bould  Conj/Erth      24%        2d5       11%         4
 Arcjolt                  Conj/Air       9%         1d19      45%         5
 Fireball                 Conj/Fire      6%         3d5       65%         5
 Freezing Cloud           Conj/Ice/Air   7%         6-21      65%         5
 Gell's Gravitas          Tloc           5%         N/A       77%         3
 Teleport Other           Tloc           5%         N/A       77%         3
 Petrify                  Alch/Erth      15%        N/A       77%         4
 Vhi's Electric Charge    Tloc/Air       20%        N/A       92%         4
 Cause Fear               Hex            2%         N/A       99%         4
 Summon Blazeheart Golem  Fire/Summ      5%         N/A       99%         4
 Dispersal                Tloc           2%         N/A       100%        6
 Orb of Destruction       Conj           11%        9d6       100%        7
 Spellforged Servitor     Conj/Summ      6%         N/A       100%        7
 Maxwell's Capacitive Co  Air            7%         ∞         100%        8
 Dragon's Call            Summ           2%         N/A       100%        9


Dungeon Overview and Level Annotations

Branches:
Dungeon (9/15) Zot: 24575  Temple (1/1) D:5 Zot: 5998    Lair (0/5) D:9
  Sewer (visited)
    Orc: D:9-12

Altars:
Ashenzari
Cheibriados
Dithmenos
Fedhas
Gozag
Hepliaklqana
Kikubaaqudgha
Makhleb
Nemelex Xobeh
Okawaru
Qazlal
Ru
Sif Muna
Trog
Uskayaw
Vehumet
Wu Jian
Xom
Yredelemnul

Shops:
D:4 *   D:9 :

Annotations:
D:6 2 transporters, 1 runed translucent door, Crazy Yiuf
D:8 Gastronok


Innate Abilities, Weirdness & Mutations

You have hoof-like feet.
You are partially covered in thin metallic scales. (AC +2)
Your demonic aura sometimes causes spilled blood to erupt in flames.
You regenerate health from kills.
Your magical capacity is low. (-10% MP)
Your muscles are very strong. (Str +8, Int/Dex -2)


Message History

The stinking cloud engulfs you.
The boulder beetle is engulfed in noxious fumes.
The boulder beetle bites you.
Unknown command.
Unknown command.
The boulder beetle is engulfed in noxious fumes.
The boulder beetle curls into a ball and begins rolling!
Unknown command.
Casting: Mephitic Cloud (dangerous; 11% risk of failure)
Confirm with . or Enter, or press ? or * to list all spells.
Aiming: Stone Arrow (mildly dangerous; 3% risk of failure)
Press: ? - help, Shift-Dir - straight line, f/p - boulder beetle
Aim: a boulder beetle (noxious fumes, severely wounded, rolling, 100% to hit)
The stone arrow hits the boulder beetle but does no damage.
The boulder beetle is severely wounded.
The boulder beetle is engulfed in noxious fumes.
Unknown command.
Casting: Stone Arrow (mildly dangerous; 3% risk of failure)
Confirm with . or Enter, or press ? or * to list all spells.
Aiming: Stone Arrow (mildly dangerous; 3% risk of failure)
Press: ? - help, Shift-Dir - straight line, f/p - boulder beetle
Aim: a boulder beetle (noxious fumes, severely wounded, rolling, 100% to hit)
The stone arrow hits the boulder beetle!
The boulder beetle is almost dead.
The boulder beetle is engulfed in noxious fumes.
The boulder beetle hits you!!!
Ouch! That really hurt!
* * * LOW HITPOINT WARNING * * *
The boulder beetle stops rolling and uncurls.
Unknown command.
Casting: Stone Arrow (mildly dangerous; 3% risk of failure)
Confirm with . or Enter, or press ? or * to list all spells.
Aiming: Stone Arrow (mildly dangerous; 3% risk of failure)
Press: ? - help, Shift-Dir - straight line, f/p - boulder beetle
Aim: a boulder beetle (noxious fumes, almost dead, 100% to hit)
The stone arrow hits the boulder beetle but does no damage.
The boulder beetle is almost dead.
The boulder beetle is engulfed in noxious fumes.
The boulder beetle appears confused.
The boulder beetle bites you!
You die...

###### ### #.#####.#.##
.....# ####.......##
♣♣♣♣.# #8.>.∩.<.8## ♣.#
##.........# ♣♣♣♣.#######
###.......#
.....#.....######.......#
#########..>....○§......#
.......>.......§B§......#
#####..##.......@.......#
##.##.........>.....#
#.##...............#
#.##...............#
######............#######
....##.............##
###.................#
###....).....<....#
#....†..........#


You could see a boulder beetle (confused).

Vanquished Creatures
  A tengu warrior (D:9)
  An unseen horror (D:8)
  A troll (D:9)
  A hornet (D:9)
  Prince Ribbit (D:9)
  Grinder (D:3)
  A slime creature (D:9)
  7 yaks
  A wyvern (D:9)
  A steam dragon (D:9)
  An acid dragon (D:9)
  A water moccasin (D:6)
  5 orc warriors
  2 sky beasts
  2 black bears
  An ogre (D:4)
  A crocodile (shapeshifter) (D:9)
  7 centaurs
  5 kobold brigands
  9 bullfrogs
  4 scorpions
  4 wights (D:9)
  7 killer bees (D:9)
  An electric eel (D:9)
  3 howler monkeys
  2 hounds
  2 jellies
  2 gnoll boudas
  3 orc priests (D:9)
  Jessica (D:3)
  2 iguanas (D:6)
  A sleepcap (D:7)
  8 orc wizards
  17 gnolls
  11 adders
  2 white imps (D:7)
  2 ufetubi (D:5)
  3 ribbon worms
  12 dart slugs
  45 orcs
  12 ball pythons
  3 bats (D:3)
  20 endoplasms
  11 giant cockroaches
  2 goblins
  10 hobgoblins
  5 jackals
  3 quokkas
  14 frilled lizards
  18 kobolds
  3 rats
283 creatures vanquished.

Vanquished Creatures (others)
  An orc wizard (D:9)
1 creature vanquished.

Grand Total: 284 creatures vanquished

Notes
Turn   | Place    | Note
-------+----------+-------------------------------------------
     0 | D:1      | protoss039 the Demonspawn Earth Elementalist began the
                  | quest for the Orb.
     0 | D:1      | Reached XP level 1. HP: 13/13 MP: 3/3
   223 | D:1      | Gained mutation: You have large cloven feet. [demonic
                  | ancestry]
   223 | D:1      | Reached XP level 2. HP: 19/19 MP: 3/5
   928 | D:2      | Reached XP level 3. HP: 24/24 MP: 3/6
  1588 | D:2      | Gained mutation: You are partially covered in thin metallic
                  | scales. (AC +2) [demonic ancestry]
  1588 | D:2      | Reached XP level 4. HP: 30/31 MP: 7/7
  2227 | D:3      | Noticed Jessica
  2240 | D:3      | Killed Jessica
  2241 | D:3      | Reached skill level 1 in Fighting
  2344 | D:3      | Gained mutation: Your demonic aura sometimes causes spilled
                  | blood to erupt in flames. [demonic ancestry]
  2344 | D:3      | Reached XP level 5. HP: 36/37 MP: 8/8
  2417 | D:3      | Noticed Grinder
  2419 | D:3      | Gained mutation: Your muscles are strong. (Str +4, Int/Dex
                  | -1) [potion of mutation]
  2419 | D:3      | Gained mutation: Your muscles are very strong. (Str +8,
                  | Int/Dex -2) [potion of mutation]
  2419 | D:3      | Gained mutation: Your magical capacity is low. (-10% MP)
                  | [potion of mutation]
  2421 | D:3      | Paralysed by Grinder for 4 turns
  2434 | D:3      | Paralysed by Grinder for 2 turns
  2470 | D:3      | Killed Grinder
  2471 | D:3      | Reached skill level 2 in Fighting
  2471 | D:3      | Reached XP level 6. HP: 9/46 MP: 4/9
  3441 | D:4      | Reached skill level 3 in Fighting
  3617 | D:4      | Found a radiant altar of Vehumet.
  3635 | D:4      | Gained mutation: You regenerate a little health from kills.
                  | [demonic ancestry]
  3635 | D:4      | Reached XP level 7. HP: 49/52 MP: 4/10
  3787 | D:4      | Learned a level 3 spell: Passwall
  3791 | D:4      | Learned a level 3 spell: Stone Arrow
  3836 | D:4      | Found Ruqun's General Store.
  3839 | D:4      | Bought a scroll of identify for 20 gold pieces
  3839 | D:4      | Bought a scroll of teleportation for 30 gold pieces
  3874 | D:4      | Became a worshipper of Vehumet
  3995 | D:5      | Entered Level 5 of the Dungeon
  4058 | D:5      | Found a hazy altar of Hepliaklqana.
  4237 | D:5      | Found a staircase to the Ecumenical Temple.
  4245 | Temple   | Entered the Ecumenical Temple
  4410 | D:5      | Reached skill level 1 in Evocations
  4650 | D:5      | Reached skill level 4 in Fighting
  4650 | D:5      | Reached skill level 1 in Armour
  5183 | D:5      | Identified a scroll of acquirement
  5184 | D:5      | Acquired the +5 kite shield "Rowk" {rPois rN++ Dex+3 SInv}
  5268 | D:6      | Reached skill level 1 in Shields
  5514 | D:6      | Found a glowing drain.
  5518 | Sewer    | Entered a sewer
  5569 | Sewer    | Reached * piety under Vehumet
  5569 | Sewer    | Offered knowledge of Freeze by Vehumet.
  5821 | Sewer    | Reached XP level 8. HP: 60/60 MP: 9/12
  6009 | Sewer    | Reached ** piety under Vehumet
  6019 | Sewer    | Identified the staff of Ebucach {rPois rC++ Fire Alchemy}
  6137 | D:6      | Found a transporter.
  6344 | D:6      | Offered knowledge of Scorch by Vehumet.
  6399 | D:6      | Found a transporter.
  7049 | D:6      | Found a runed translucent door.
  7050 | D:6      | Noticed Crazy Yiuf
  7113 | D:6      | Learned a level 3 spell: Mephitic Cloud
  7321 | D:7      | Reached skill level 5 in Fighting
  7321 | D:7      | Gained mutation: You have hoof-like feet. [demonic
                  | ancestry]
  7321 | D:7      | Reached XP level 9. HP: 42/68 MP: 5/14
  7451 | D:7      | Reached skill level 1 in Air Magic
  7453 | D:7      | Reached skill level 5 in Earth Magic
  7460 | D:7      | Found an ornate altar of the Wu Jian Council.
  7965 | D:7      | Offered knowledge of Frozen Ramparts by Vehumet.
  8117 | D:7      | Found a stormy altar of Qazlal.
  8466 | D:8      | Killed an unseen horror
  8663 | D:8      | Reached skill level 5 in Spellcasting
  8746 | D:8      | Noticed Gastronok
  8990 | D:9      | Found Pozutzi's Book Boutique.
  9016 | D:9      | Noticed a troll
  9020 | D:9      | Killed a troll
  9122 | D:9      | Noticed Prince Ribbit
  9154 | D:9      | Reached skill level 5 in Armour
  9398 | D:8      | Reached *** piety under Vehumet
  9399 | D:8      | Reached XP level 10. HP: 43/76 MP: 14/16
  9581 | D:8      | Noticed a lindwurm
  9583 | D:8      | Noticed a lindwurm
  9866 | D:9      | Reached skill level 5 in Shields
  9879 | D:9      | Noticed a tengu warrior
 10026 | D:9      | Reached skill level 6 in Fighting
 10039 | D:9      | Noticed a boulder beetle
 10071 | D:9      | Offered knowledge of Ignite Poison by Vehumet.
 10084 | D:9      | Killed Prince Ribbit
 10194 | D:9      | Found a staircase to the Lair.
 10211 | D:9      | Identified the +9 short sword of Jagg {freeze, rPois Dex+2}
 10328 | D:9      | Killed a tengu warrior
 10329 | D:9      | Reached skill level 5 in Conjurations
 10507 | D:9      | Reached skill level 7 in Fighting
 10770 | D:9      | Reached **** piety under Vehumet
 10798 | D:9      | Offered knowledge of Hailstorm by Vehumet.
 10893 | D:9      | Gained mutation: You regenerate health from kills. [demonic
                  | ancestry]
 10893 | D:9      | Reached XP level 11. HP: 78/84 MP: 2/17
 11023 | D:9      | Found a blossoming altar of Fedhas.
 11023 | D:9      | Found a burning altar of Makhleb.
 11363 | D:9      | Slain by a boulder beetle

Illustrated notes

Levels and vault maps discovered:
D:1:      psy_arrival_dodecagon, layout_loops_ring
D:2:      layout_loops_ring
D:3:      kennysheep_big_flooded_room, layout_loops_ring, uniq_jessica,
          uniq_grinder
D:4:      layout_rooms, mainiacjoe_overflow_alcove_4, serial_shops,
          kennysheep_mini_moat
D:5:      layout_basic, mainiacjoe_overflow_cross_hatched,
          minmay_temple_entry_mini_moons, minmay_misc_feat_square,
          kennysheep_generic_room_13
D:6:      gammafunk_steamed_eel, layout_loops_ring,
          mainiacjoe_sewer_entry_somewhere_in_here_2, uniq_crazy_yiuf_cottage
D:7:      layout_rooms, mainiacjoe_overflow_boulevard, general_overflow_altar,
          serial_curves, eino_curves_01, eino_curves_03
D:8:      layout_cave_pools, minmay_misc_feat_diagonals, minmay_lindwurm_lava,
          uniq_gastronok
D:9:      nzn_winding_woodlands_cross
          [nzn_winding_woodlands_5x15_river_crossing,
          nzn_winding_woodlands_5x15_parted, nzn_winding_woodlands_5x15_eye,
          nzn_winding_woodlands_5x15_concentric,
          nzn_winding_woodlands_15x15_five_gardens], layout_rooms,
          mainiacjoe_overflow_divided_tiny, special_room [special_room_orc],
          nicolae_stop_n_shop_2, uniq_prince_ribbit1
Temple:   hellmonk_temple_of_storms

Skill      XL: |  1  2  3  4  5  6  7  8  9 10 |
---------------+-------------------------------+-----
Stealth        | 2 3 |  3.0
Dodging        | 2 3 |  3.0
Earth Magic    | 3 4 5 6 |  6.0
Fighting       | 1 2 3 4 5 7 |  7.1
Conjurations   | 2 3 4 5 |  5.2
Spellcasting   | 3 4 5 |  5.9
Evocations     | 1 2 3 4 |  4.8
Armour         | 2 3 5 |  5.8
Shields        | 1 3 4 6 |  6.1
Air Magic      | 2 3 |  3.0

Action                     |  1- 3 |  4- 6 |  7- 9 | 10-12 || total
---------------------------+-------+-------+-------+-------++-------
  Melee: Spear             |     4 |       |       |       ||     4
         Kick              |     2 |    36 |    44 |    35 ||   117
         Short sword       |    14 |   141 |   124 |    77 ||   356
         Punch             |       |       |     1 |       ||     1
         Staff             |       |       |       |     2 ||     2
   Cast: Sandblast         |    52 |    49 |   231 |    49 ||   381
         Passwall          |       |       |     1 |       ||     1
         Stone Arrow       |       |       |    35 |    47 ||    82
         Mephitic Cloud    |       |       |       |    10 ||    10
  Evoke: Wand              |       |       |    13 |    19 ||    32
    Use: Scroll            |       |     1 |     9 |     2 ||    12
         Potion            |       |     2 |     1 |       ||     3
   Stab: Sleeping          |       |     3 |     1 |       ||     4
         Invisible         |       |       |     4 |       ||     4
         Confused          |       |       |       |     8 ||     8
         Distracted        |       |       |       |     1 ||     1
 Armour: Robe              |     6 |       |       |       ||     6
         Ring mail         |    12 |    94 |   249 |    83 ||   438
         Acid dragon scale |       |       |       |     9 ||     9
  Dodge: Dodged            |    19 |    69 |   196 |    39 ||   323
  Block: Kite shield       |       |       |       |   115 ||   115
